 Dungeon Crawl Stone Soup version 0.29.0-4-gdea44cf6ec (webtiles) character file.

Game seed: 5872418918337542124

228 qw the Chopper (level 6, -3/35 HPs)
             Began as a Tengu Warper on Aug 28, 2022.
             Slain by an iguana (10 damage)
             ... on level 4 of the Dungeon.
             The game lasted 00:00:19 (3969 turns).

qw the Chopper (Tengu Warper)                       Turns: 3969, Time: 00:00:20

Health: -3/35      AC:  9    Str: 13    XL:     6   Next: 2%
Magic:  10/10      EV:  7    Int: 13    God:
Gold:   171        SH:  0    Dex: 14    Spells: 9/9 levels left

rFire   . . .      SeeInvis .   Y - +2 hand axe
rCold   . . .      Faith    .   (no shield)
rNeg    . . .      Spirit   .   i - +0 chain mail
rPois   .          Reflect  .   (helmet restricted)
rElec   .          Harm     .   l - +0 cloak
rCorr   .          Rampage  .   (no gloves)
Will    .....                   (boots unavailable)
Stlth   ..........              (no amulet)
HPRegen 0.11/turn               (no ring)
MPRegen 0.12/turn               (no ring)

@: flying quickly and evasively, quick
A: beak, talons 3, nimble flight
a: no special abilities


You were on level 4 of the Dungeon.
You visited 1 branch of the dungeon, and saw 4 of its levels.

You collected 171 gold pieces.


Innate Abilities, Weirdness & Mutations

You have a beak for a mouth.
You have claws for feet.
Your magical nature lets you fly swiftly and evasively.


   Skills:
 - Level 2.0 Fighting
 + Level 6.3 Axes
 - Level 1.0 Throwing
 - Level 2.2 Armour
 - Level 2.1 Dodging
 - Level 2.0 Spellcasting
 - Level 2.4 Translocations


You had 9 spell levels left.
You didn't know any spells.
Your spell library contained the following spells:

 Spells                   Type           Power      Damage    Failure   Level
 Blink                    Tloc           14%        N/A       99%         2
 Gell's Gravitas          Tloc           7%         N/A       100%        3
 Lesser Beckoning         Tloc           7%         N/A       100%        3
 Teleport Other           Tloc           7%         N/A       100%        3
 Manifold Assault         Tloc           7%         N/A       100%        5

Inventory:

Hand Weapons
 k - a +0 mace
 Y - a +2 hand axe (weapon)
Armour
 i - a +0 chain mail (worn)
 l - a +0 cloak (worn)
Scrolls
 m - a scroll of identify
Potions
 a - a potion of curing
 b - a potion of flight {unknown}
 c - a potion of resistance
 d - a potion of ambrosia {unknown}
 e - a potion of magic {unknown}

Dungeon Overview and Level Annotations

Branches:
Dungeon (4/15)
 Temple: D:4-7

Altars:
Gozag
Vehumet


Message History

You peck the gnoll, but do no damage.
The gnoll is moderately wounded.
The gnoll hits you with a +0 spear.
You barely miss the gnoll. You claw the gnoll. Your peck misses the gnoll.
The gnoll is moderately wounded.
The gnoll hits you but does no damage.
You hit the gnoll.
The gnoll is heavily wounded.
The gnoll hits you with a +0 spear.
You hit the gnoll. You claw the gnoll.
The gnoll is almost dead.
You closely miss the iguana. The gnoll hits you but does no damage.
The iguana bites you but does no damage.
You hit the gnoll.
You kill the gnoll!
You hit the iguana. The iguana closely misses you.
You have reached level 6!
You hit the iguana but do no damage. You punch the iguana, but do no damage.
The iguana is lightly wounded.
The iguana closely misses you.
You hit the iguana. You claw the iguana, but do no damage.
The iguana is lightly wounded.
The iguana bites you!
You hit the iguana.
The iguana is lightly wounded.
The iguana barely misses you.
You hit the iguana but do no damage. You claw the iguana.
The iguana is moderately wounded.
The iguana barely misses you.
You hit the iguana. You claw the iguana, but do no damage.
The iguana is moderately wounded.
You barely miss the iguana.
The iguana is moderately wounded.
The iguana barely misses you.
You slash the iguana! Your peck misses the iguana.
The iguana is almost dead.
The iguana bites you!
You die...

. #. .# .# ##.
#.########
##.#......###
#....@.......
#.##.l)......
##.##.........
#..###........
##.##
##.......
######..##
#......
.........##
......
######....##
......
##......### .


You could see an iguana.

Vanquished Creatures
  A scorpion (D:3)
  Natasha (D:3)
  Robin (D:2)
  3 gnolls (D:4)
  2 adders
  An ufetubus (D:3)
  A worm (D:2)
  A dart slug (D:1)
  5 bats
  6 endoplasms
  3 giant cockroaches
  11 goblins
  9 hobgoblins
  8 jackals (D:2)
  3 quokkas
  7 ball pythons
  A frilled lizard (D:3)
  7 kobolds
  2 rats
73 creatures vanquished.

Vanquished Creatures (others)
  7 fungi (D:1)
7 creatures vanquished.

Grand Total: 80 creatures vanquished

Notes
Turn   | Place    | Note
-------+----------+-------------------------------------------
     0 | D:1      | qw the Tengu Warper began the quest for the Orb.
     0 | D:1      | Reached XP level 1. HP: 12/12 MP: 4/4
     0 | D:1      | 0 ||| qw: Version: 0.1-a-89-g26bdef1
     0 | D:1      | 0 ||| qw: Game counter: 864
     0 | D:1      | 0 ||| qw: Always use a shield: true
     0 | D:1      | 0 ||| qw: God list: Okawaru
     0 | D:1      | 0 ||| qw: Allow faded altars: false
     0 | D:1      | 0 ||| qw: Do Orc after D:15 true
     0 | D:1      | 0 ||| qw: Do second Lair branch before Depths: true
     0 | D:1      | 0 ||| qw: Lair rune preference: random
     0 | D:1      | 0 ||| qw: Plans: Normal
     0 | D:1      | 0 ||| PLANNING D:1-11
    79 | D:1      | 79 ||| Stepping ~*~*~tactically~*~*~ (stealth).
   225 | D:1      | Reached XP level 2. HP: 17/17 MP: 6/6
   246 | D:1      | Reached skill level 3 in Axes
   251 | D:1      | 251 ||| Stepping ~*~*~tactically~*~*~ (hiding).
   353 | D:1      | 353 ||| Stepping ~*~*~tactically~*~*~ (hiding).
   680 | D:1      | 680 ||| Stepping ~*~*~tactically~*~*~ (stealth).
   682 | D:1      | 682 ||| DROPPING +0 club.
   732 | D:1      | Reached XP level 3. HP: 21/21 MP: 7/7
  1109 | D:1      | 1109 ||| UPGRADING to +0 ring mail.
  1119 | D:1      | 1119 ||| DROPPING +0 leather armour.
  1120 | D:1      | 1120 ||| UPGRADING to +0 chain mail.
  1130 | D:1      | 1130 ||| DROPPING +0 ring mail.
  1131 | D:1      | 1131 ||| UPGRADING to +0 cloak.
  1136 | D:1      | 1136 ||| READING scroll labelled DULLYN UQOMOU.
  1137 | D:1      | 1137 ||| READING 2 scrolls labelled VUOWOE YDOTIT.
  1138 | D:1      | 1138 ||| READING scroll labelled XYSHRA PYSE.
  1139 | D:1      | 1139 ||| READING 3 scrolls labelled NOSAJYGA POPSO.
  1140 | D:1      | 1140 ||| READING 2 scrolls of identify.
  1140 | D:1      | 1140 ||| IDENTIFYING fizzy white potion
  1141 | D:1      | 1141 ||| DROPPING scroll of blinking.
  1142 | D:1      | 1142 ||| DROPPING scroll of poison.
  1143 | D:1      | 1143 ||| DROPPING potion of brilliance.
  1144 | D:1      | 1144 ||| Stepping randomly (stuck).
  1145 | D:1      | 1145 ||| Stepping randomly (stuck).
  1192 | D:2      | Reached skill level 4 in Axes
  1631 | D:2      | Found a radiant altar of Vehumet.
  1948 | D:2      | Noticed Robin
  1949 | D:2      | 1949 ||| Stepping ~*~*~tactically~*~*~ (hiding).
  1958 | D:2      | Reached XP level 4. HP: 14/26 MP: 8/8
  1969 | D:2      | HP: 6/26 [goblin/+0 dagger[Robin] (4)]
  1970 | D:2      | Killed Robin
  2290 | D:2      | Reached skill level 5 in Axes
  2464 | D:2      | 2464 ||| Stepping ~*~*~tactically~*~*~ (stealth).
  2469 | D:2      | 2469 ||| Stepping ~*~*~tactically~*~*~ (stealth).
  2512 | D:2      | 2512 ||| DRINKING 2 viscous dark potions.
  2727 | D:3      | 2727 ||| FLEEEEING.
  2728 | D:3      | 2728 ||| FLEEEEING.
  2729 | D:3      | 2729 ||| FLEEEEING.
  2732 | D:3      | HP: 6/26 [poisoned by a kobold]
  2734 | D:3      | 2734 ||| FLEEEEING.
  2736 | D:3      | 2736 ||| FLEEEEING.
  2736 | D:3      | HP: 2/26 [poisoned by a kobold]
  2737 | D:3      | 2737 ||| STAIRDANCE
  3046 | D:2      | 3046 ||| READING 2 scrolls of identify.
  3046 | D:2      | 3046 ||| IDENTIFYING emerald potion
  3057 | D:3      | 3057 ||| STAIRDANCE
  3256 | D:3      | Found an opulent altar of Gozag.
  3412 | D:3      | Noticed a scorpion
  3418 | D:3      | Killed a scorpion
  3419 | D:3      | Gained mutation: Your magical nature lets you fly swiftly
                  | and evasively. [Tengu growth]
  3419 | D:3      | Reached XP level 5. HP: 26/30 MP: 9/9
  3463 | D:3      | 3463 ||| Stepping ~*~*~tactically~*~*~ (stealth).
  3549 | D:3      | 3549 ||| Stepping ~*~*~tactically~*~*~ (stealth).
  3751 | D:3      | Noticed Natasha
  3752 | D:3      | 3752 ||| Stepping ~*~*~tactically~*~*~ (hiding).
  3766 | D:3      | Killed Natasha
  3767 | D:3      | Reached skill level 6 in Axes
  3858 | D:3      | 3858 ||| READING 2 scrolls labelled MAONAM ONNUHE.
  3859 | D:3      | 3859 ||| READING scroll of enchant weapon.
  3859 | D:3      | 3859 ||| ENCHANTING +1 hand axe.
  3860 | D:3      | 3860 ||| DRINKING 2 smoky pink potions.
  3886 | D:3      | 3886 ||| DROPPING potion of lignification.
  3963 | D:4      | Reached XP level 6. HP: 16/35 MP: 10/10
  3964 | D:4      | HP: 6/35 [iguana (10)]
  3969 | D:4      | Slain by an iguana

Levels and vault maps discovered:
D:1:      scummos_arrival_checkerplants, layout_loops_cross,
          palyth_stone_intersect
D:2:      layout_loops_corners, basic_altar, uniq_robin
D:3:      layout_loops_ring, grunt_gozag_statues, minmay_strange_pillars,
          dreamdust_princess_corridor, uniq_natasha
D:4:      layout_cave_pods, minmay_misc_feat_tiny, hangedman_decor_opposing

Skill      XL: |  1  2  3  4  5 |
---------------+----------------+-----
Axes           | 3 4 5 6 |  6.3
Armour         | 2 |  2.2
Fighting       | |  2.0
Throwing       | |  1.0
Dodging        | |  2.1
Spellcasting   | |  2.0
Translocations | |  2.4

Action                   |  1- 3 |  4- 6 || total
-------------------------+-------+-------++-------
Melee: Hand axe          |    72 |   100 ||   172
       Kick              |    22 |    28 ||    50
       Peck              |     6 |    10 ||    16
       Punch             |     2 |     2 ||     4
Throw: Boomerang         |     7 |       ||     7
  Use: Scroll            |     5 |     3 ||     8
       Potion            |       |     2 ||     2
Armor: Leather armour    |    10 |       ||    10
       Chain mail        |    26 |    59 ||    85
Dodge: Dodged            |    18 |    35 ||    53

Table legend:
 A = Non-vault XP
 B = Vault XP
 C = Vault XP percentage of total XP
 D = Non-vault monster count
 E = Vault monster count
 F = Vault count percentage of total count
                 A         B        C        D         E       F
            +---------+---------+-------+---------+---------+-------
      Total |     256 |      71 |  21.7 |      61 |      12 |  16.4
            +---------+---------+-------+---------+---------+-------
        D:1 |      44 |       0 |   0.0 |      25 |       0 |   0.0
        D:2 |      42 |      34 |  44.7 |      15 |      11 |  42.3
        D:3 |     127 |      37 |  22.6 |      18 |       1 |   5.3
        D:4 |      43 |       0 |   0.0 |       3 |       0 |   0.0
            +---------+---------+-------+---------+---------+-------
